 Dungeon Crawl Stone Soup version 0.20.1-1-g8b1a95d (webtiles) character file.

53 codl the Skirmisher (level 3, 0/29 HPs)
             Began as a Demonspawn Abyssal Knight on July 23, 2017.
             Was a Believer of Lugonu.
             Slain by Grinder (1 damage)
             ... on level 3 of the Dungeon on July 27, 2017.
             The game lasted 00:14:25 (1827 turns).

codl the Skirmisher (Demonspawn Abyssal Knight)     Turns: 1827, Time: 00:14:26

Health: 0/29       AC:  3    Str: 12    XL:     3   Next: 64%
Magic:  4/4        EV: 11    Int: 14    God:    Lugonu [**....]
Gold:   66         SH:  0    Dex: 12    Spells: 2/2 levels left

rFire    . . .     SeeInvis .   a - +1 spear
rCold    . . .     Gourm    .   (no shield)
rNeg     . . .     Faith    .   b - +0 leather armour
rPois    .         Spirit   .   (helmet restricted)
rElec    .         Reflect  .   (no cloak)
rCorr    .         Harm     .   (no gloves)
MR       .....                  (no boots)
Stlth    +.........             j - amulet of regeneration
Regen    0.5/turn               (no ring)
MPRegen  0.1/turn               (no ring)

@: about to teleport
A: horns 1
a: Depart the Abyss, Bend Space, Renounce Religion


You were on level 3 of the Dungeon.
You worshipped Lugonu.
Lugonu was pleased with you.
You were not hungry.

You visited 1 branch of the dungeon, and saw 3 of its levels.
You visited the Abyss 1 time.

You collected 66 gold pieces.

Inventory:

Hand Weapons
 a - a +1 spear (weapon)
 k - a +1 dagger of freezing
 n - a +0 hunting sling
 q - a cursed -1 dagger
Armour
 b - a +0 leather armour (worn)
Jewellery
 j - an amulet of regeneration (around neck)
Scrolls
 d - a scroll of enchant weapon {unknown}
 e - a scroll of random uselessness {unknown}
 h - a scroll of enchant armour {unknown}
 m - a scroll of magic mapping {unknown}
 o - a scroll of remove curse {unknown}
Potions
 l - a potion of magic {unknown}
Comestibles
 c - 2 bread rations
 f - 3 meat rations
 g - 3 fruits
 p - a chunk of flesh


   Skills:
 + Level 3.5 Fighting
 + Level 2.6 Polearms
 + Level 2.1 Armour
 + Level 1.3 Dodging
 + Level 2.4 Invocations


You had 2 spell levels left.
You didn't know any spells.

Dungeon Overview and Level Annotations

Branches:
Dungeon (3/15)

Altars:
Ru

Annotations:
D:3 Grinder


Innate Abilities, Weirdness & Mutations

You have a pair of small horns on your head.


Message History

Welcome back, codl the Demonspawn Abyssal Knight.
Lugonu says: Spread carnage and corruption!
Press ? for a list of commands and other information.
Grinder comes into view.
Enter note: oh boy Grinder gestures at you.
You resist with significant effort.
Grinder blinks!
You hit Grinder but do no damage. You headbutt Grinder.
Grinder is lightly wounded.
Grinder hits you!
You writhe in agony.
You hit Grinder. You headbutt Grinder, but do no damage.
Grinder is moderately wounded.
Grinder hits you.
You writhe in agony.
As you read the scroll labeled KYETOU MARAE, it crumbles to dust.
You feel strangely unstable.
It was a scroll of teleportation.
Grinder hits you!
* * * LOW HITPOINT WARNING * * *
You writhe in agony.
You die...

#########
#......<#
#.#######
#.# #.#
#.#########
#.5@.......
###########


You could see Grinder.

Vanquished Creatures
  An adder (D:3)
  An ooze (D:1)
  3 dart slugs
  2 giant cockroaches (D:1)
  2 goblins (D:1)
  5 hobgoblins
  3 jackals (D:1)
  A ball python (D:2)
  6 bats
  4 kobolds (D:1)
  7 rats
35 creatures vanquished.

Notes
Turn   | Place    | Note
-------+----------+-------------------------------------------
     0 | Abyss:1  | codl the Demonspawn Abyssal Knight began the quest for the Orb.
     0 | Abyss:1  | Reached XP level 1. HP: 18/18 MP: 2/2
     1 | Abyss:1  | Found a corrupted altar of Lugonu.
     5 | D:1      | Escaped the Abyss
   131 | D:1      | Reached skill level 1 in Dodging
   167 | D:1      | Gained mutation: You have a pair of small horns on your head. [demonic ancestry]
   167 | D:1      | Reached XP level 2. HP: 9/24 MP: 3/3
   779 | D:1      | Reached ** piety under Lugonu
   991 | D:1      | Reached XP level 3. HP: 25/29 MP: 4/4
  1342 | D:2      | Found a sacrificial altar of Ru.
  1822 | D:3      | Noticed Grinder
  1823 | D:3      | oh boy
  1827 | D:3      | HP: 1/29 [Grinder (10)]
  1827 | D:3      | Slain by Grinder

Skill      XL: |  1  2 |
---------------+-------+-----
Dodging        | 1 |  1.3
Armour         | 2 |  2.1
Polearms       | 2 |  2.6
Fighting       | |  3.5
Invocations    | |  2.4

Action                   || total
-------------------------++-------
Melee: Spear             ||   131
       Headbutt          ||     6
  Use: Scroll            ||     1
  Eat: Chunk             ||     3
Armor: Leather armour    ||    20
Dodge: Dodged            ||    53
